NWL (28 & UNDER)
RED DEER WRANGLERS @ MOOSE JAW GHOSTBUSTERS
04/28/2029
 
TOP OF THE 1ST
Red Deer Wranglers batting - Pitching for Moose Jaw Ghostbusters : RHP Ernesto Mendoza
Pitching: RHP Ernesto Mendoza
Batting: RHB Julián García 0-0: Foul Ball, location: 2F
0-1: Foul Ball, location: 2F
0-2: Ball
1-2: Strikes out swinging
Batting: SHB Robbie Rhodes 0-0: Ball
1-0: Ball
2-0: Ball
3-0: Called Strike
3-1: Base on Balls
Batting: LHB Edgar López 0-0: Called Strike
0-1: Ball
1-1: Fly out, F9 (Flyball, 9LS)
Batting: RHB Xavier López 0-0: Called Strike
0-1: Ball
1-1: Ball
2-1: Ball
3-1: Base on Balls
Robbie Rhodes to second
Batting: RHB Pedro Cabrera 0-0: Called Strike
0-1: Ball
1-1: Foul Ball, location: 2F
1-2: SINGLE (Line Drive, 34)
Robbie Rhodes to third
Xavier López to second
Runner from 3rd tries for Home, SAFE, no throw
Batting: RHB Joe Lewis 0-0: Ball
1-0: Ball
2-0: Called Strike
2-1: Ball
3-1: Base on Balls
Xavier López to third
Pedro Cabrera to second
Batting: LHB Francisco Blanco 0-0: Ball
1-0: Ball
2-0: Ball
3-0: Called Strike
3-1: Called Strike
3-2: Foul Ball, location: 2F
3-2: Base on Balls
Xavier López scores
Pedro Cabrera to third
Joe Lewis to second
Batting: RHB Ismael Ortíz 0-0: Ball
1-0: Foul Ball, location: 2F
1-1: Swinging Strike
1-2: Strikes out swinging
Top of the 1st over - 2 runs, 1 hit, 0 errors, 3 left on base; Red Deer 2 - Moose Jaw 0
BOTTOM OF THE 1ST
Moose Jaw Ghostbusters batting - Pitching for Red Deer Wranglers : RHP José Fernández
Pitching: RHP José Fernández
Batting: LHB Darren Holland 0-0: SOLO HOME RUN (Flyball, 9LD), Distance : 329 ft
Batting: LHB John Stone 0-0: Fly out, F7 (Flyball, 7LS)
Now in LF: Andrew Veeck
Batting: RHB Billy Mullins 0-0: Foul Ball, location: 2F
0-1: Ball
1-1: Ball
2-1: SINGLE (Groundball, 34D)
Batting: RHB Yasuhiko Sumita 0-0: Ball
1-0: Ball
2-0: Ball
3-0: Base on Balls
Billy Mullins to second
Batting: LHB Jon Scott 0-0: Ball
1-0: Ball
2-0: Ball
3-0: Called Strike
3-1: Called Strike
3-2: Base on Balls
Billy Mullins to third
Yasuhiko Sumita to second
Batting: RHB Aaron Murray 0-0: Ball
1-0: Foul Ball, location: 2F
1-1: Swinging Strike
1-2: Strikes out swinging
Batting: RHB Johnny MacNamara 0-0: Called Strike
0-1: Ball
1-1: SINGLE (Groundball, 34D)
Billy Mullins scores
Yasuhiko Sumita to third
Jon Scott to second
Runner from 3rd tries for Home, SAFE, no throw
Batting: RHB Bob Cole 0-0: Foul Ball, location: 2F
0-1: Ball
1-1: Fly out, F8 (Flyball, 8LD)
Bottom of the 1st over - 3 runs, 3 hits, 0 errors, 2 left on base; Red Deer 2 - Moose Jaw 3
TOP OF THE 2ND
Red Deer Wranglers batting - Pitching for Moose Jaw Ghostbusters : RHP Ernesto Mendoza
Batting: LHB Héctor Santos 0-0: Ball
1-0: Ball
2-0: Called Strike
2-1: Called Strike
2-2: Ball
3-2: Base on Balls
Batting: RHB Julián García 0-0: Foul Ball, location: 2F
0-1: SINGLE (Line Drive, 34D)
Héctor Santos to second
Batting: SHB Robbie Rhodes 0-0: Ball
1-0: Grounds into double play, 4-6-3 (Groundball, 34)
Héctor Santos to third
Batting: LHB Edgar López 0-0: Fly out, F9 (Flyball, 9)
Top of the 2nd over - 0 runs, 1 hit, 0 errors, 1 left on base; Red Deer 2 - Moose Jaw 3
BOTTOM OF THE 2ND
Moose Jaw Ghostbusters batting - Pitching for Red Deer Wranglers : RHP José Fernández
Batting: RHB Henry Barker 0-0: Ground out 6-3 (Groundball, 6)
Batting: LHB Darren Holland 0-0: Ball
1-0: Fly out, F1 (Popup, P)
Batting: LHB John Stone 0-0: Ball
1-0: Called Strike
1-1: Foul Ball, location: 2F
1-2: Strikes out swinging
Bottom of the 2nd over - 0 runs, 0 hits, 0 errors, 0 left on base; Red Deer 2 - Moose Jaw 3
TOP OF THE 3RD
Red Deer Wranglers batting - Pitching for Moose Jaw Ghostbusters : RHP Ernesto Mendoza
Batting: RHB Xavier López 0-0: Ball
1-0: SINGLE (Line Drive, 56D)
Batting: LHB Andrew Veeck 0-0: Called Strike
0-1: Swinging Strike
0-2: Fielders Choice at 2nd, 1-6 (Groundball, 13)
Batting: RHB Joe Lewis 0-0: Called Strike
0-1: Ball
1-1: Ball
2-1: Ball
3-1: Fly out, F3 (Popup, 3)
Batting: LHB Francisco Blanco 0-0: Ball
1-0: DOUBLE (Line Drive, 78D)
Andrew Veeck to third
Runner from 3rd tries for Home, SAFE, no throw
Batting: RHB Ismael Ortíz 0-0: Ball
1-0: SINGLE (Line Drive, 78S)
Francisco Blanco to third
Runner from 3rd tries for Home, SAFE, throw made home
Batting: LHB Héctor Santos 0-0: Foul Ball, location: 2F
0-1: Fly out, F9 (Flyball, 9S)
Top of the 3rd over - 2 runs, 3 hits, 0 errors, 1 left on base; Red Deer 4 - Moose Jaw 3
BOTTOM OF THE 3RD
Moose Jaw Ghostbusters batting - Pitching for Red Deer Wranglers : RHP José Fernández
Batting: RHB Billy Mullins 0-0: Called Strike
0-1: Ground out 5-3 (Groundball, 56)
Batting: RHB Yasuhiko Sumita 0-0: Ball
1-0: Ground out 4-3 (Groundball, 4)
Batting: LHB Jon Scott 0-0: Foul Ball, location: 2F
0-1: Called Strike
0-2: Fly out, F9 (Flyball, 9)
Bottom of the 3rd over - 0 runs, 0 hits, 0 errors, 0 left on base; Red Deer 4 - Moose Jaw 3
TOP OF THE 4TH
Red Deer Wranglers batting - Pitching for Moose Jaw Ghostbusters : RHP Ernesto Mendoza
Batting: RHB Julián García 0-0: Ball
1-0: Foul Ball, location: 2F
1-1: Ball
2-1: Foul Ball, location: 2F
2-2: Ball
3-2: Fly out, F3 (Flyball, 34D)
Batting: SHB Robbie Rhodes 0-0: Ground out U3 (Groundball, 34S)
Batting: LHB Edgar López 0-0: Ball
1-0: Fly out, F4 (Popup, 34)
Top of the 4th over - 0 runs, 0 hits, 0 errors, 0 left on base; Red Deer 4 - Moose Jaw 3
BOTTOM OF THE 4TH
Moose Jaw Ghostbusters batting - Pitching for Red Deer Wranglers : RHP José Fernández
Batting: RHB Aaron Murray 0-0: Ball
1-0: Ball
2-0: Foul Ball, location: 2F
2-1: Ball
3-1: Called Strike
3-2: Foul Ball, location: 2F
3-2: Ground out 5-3 (Groundball, 56)
Batting: RHB Johnny MacNamara 0-0: Called Strike
0-1: Ball
1-1: Called Strike
1-2: Foul Ball, location: 2F
1-2: Ball
2-2: Foul Ball, location: 2F
2-2: Ball
3-2: Foul Ball, location: 2F
3-2: SINGLE (Line Drive, 9S)
Pitching: LHP Macy Catron
Batting: RHB Bob Cole 0-0: Called Strike
0-1: Ball
Johnny MacNamara steals 2nd base
1-1: Ball
2-1: Called Strike
2-2: Reached via error on a dropped throw, E3
Johnny MacNamara to third
Batting: RHB Henry Barker 0-0: Ball
1-0: Ball
Bob Cole steals 2nd base
2-0: Foul Ball, location: 2F
2-1: Foul Ball, location: 2F
2-2: Ball
3-2: Foul Ball, location: 2F
3-2: Base on Balls
Batting: LHB Darren Holland 0-0: Ball
1-0: Called Strike
1-1: GRAND SLAM HOME RUN (Flyball, 9LD), Distance : 328 ft
Batting: LHB John Stone 0-0: Ball
1-0: Called Strike
1-1: Ground out 6-3 (Groundball, 6M)
Batting: RHB Billy Mullins 0-0: Swinging Strike
0-1: Called Strike
0-2: Foul Ball, location: 2F
0-2: Ball
1-2: Foul Ball, location: 2F
1-2: Ball
2-2: Fly out, F5 (Popup, 15S)
Bottom of the 4th over - 4 runs, 2 hits, 1 error, 0 left on base; Red Deer 4 - Moose Jaw 7
TOP OF THE 5TH
Red Deer Wranglers batting - Pitching for Moose Jaw Ghostbusters : RHP Ernesto Mendoza
Batting: RHB Xavier López 0-0: Ball
1-0: Called Strike
1-1: Ball
2-1: Ball
3-1: Ground out 5-3 (Groundball, 56S)
Batting: LHB Andrew Veeck 0-0: Called Strike
0-1: Ground out 5-3 (Groundball, 56)
Batting: RHB Joe Lewis 0-0: Called Strike
0-1: Foul Ball, location: 2F
0-2: Ball
1-2: Foul Ball, location: 2F
1-2: Ball
2-2: DOUBLE (Groundball, 5L)
Batting: LHB Francisco Blanco 0-0: Swinging Strike
0-1: Swinging Strike
0-2: Ball
1-2: Foul Ball, location: 2F
1-2: Ground out 1-3 (Groundball, 13S)
Top of the 5th over - 0 runs, 1 hit, 0 errors, 1 left on base; Red Deer 4 - Moose Jaw 7
BOTTOM OF THE 5TH
Moose Jaw Ghostbusters batting - Pitching for Red Deer Wranglers : LHP Macy Catron
Batting: RHB Yasuhiko Sumita 0-0: Fly out, F5 (Line Drive, 5)
Batting: LHB Jon Scott 0-0: Ball
1-0: Ball
2-0: Called Strike
2-1: Foul Ball, location: 2F
2-2: Strikes out swinging
Batting: RHB Aaron Murray 0-0: Called Strike
0-1: Ball
1-1: Foul Ball, location: 2F
1-2: SINGLE (Groundball, 3D)
Batting: RHB Johnny MacNamara 0-0: Ball
1-0: Called Strike
1-1: SINGLE (Groundball, 6MD)
Aaron Murray to second
Runner from 2nd tries for 3rd, OUT!
Bottom of the 5th over - 0 runs, 2 hits, 0 errors, 1 left on base; Red Deer 4 - Moose Jaw 7
TOP OF THE 6TH
Red Deer Wranglers batting - Pitching for Moose Jaw Ghostbusters : RHP Ernesto Mendoza
Batting: RHB Ismael Ortíz 0-0: Foul Ball, location: 2F
0-1: SOLO HOME RUN (Flyball, 9LD), Distance : 325 ft
Pitching: LHP Javier Galeas
Batting: LHB Héctor Santos 0-0: Fly out, F8 (Flyball, 8LM)
Batting: RHB Julián García 0-0: Ball
1-0: Foul Ball, location: 2F
1-1: Ground out 4-3 (Groundball, 4)
Batting: SHB Robbie Rhodes 0-0: Ball
1-0: Ball
2-0: Swinging Strike
2-1: Ground out 6-3 (Groundball, 6D)
Top of the 6th over - 1 run, 1 hit, 0 errors, 0 left on base; Red Deer 5 - Moose Jaw 7
BOTTOM OF THE 6TH
Moose Jaw Ghostbusters batting - Pitching for Red Deer Wranglers : LHP Macy Catron
Pitching: RHP Josh Ewing
Batting: RHB Bob Cole 0-0: Ball
1-0: Foul Ball, location: 2F
1-1: Swinging Strike
1-2: Foul Ball, location: 2F
1-2: Strikes out swinging
Batting: RHB Henry Barker 0-0: Fly out, F4 (Popup, 4)
Batting: LHB Darren Holland 0-0: Called Strike
0-1: Ball
1-1: Swinging Strike
1-2: Strikes out swinging
Bottom of the 6th over - 0 runs, 0 hits, 0 errors, 0 left on base; Red Deer 5 - Moose Jaw 7
TOP OF THE 7TH
Red Deer Wranglers batting - Pitching for Moose Jaw Ghostbusters : LHP Javier Galeas
Batting: LHB Edgar López 0-0: Ground out 4-3 (Groundball, 4S)
Batting: RHB Xavier López 0-0: Ball
1-0: Ball
2-0: Ball
3-0: Called Strike
3-1: Base on Balls
Batting: LHB Andrew Veeck 0-0: Ball
1-0: Fly out, F6 (Popup, 6S)
Batting: RHB Joe Lewis 0-0: Ball
1-0: Foul Ball, location: 2F
1-1: Ball
2-1: Called Strike
2-2: Foul Ball, location: 2F
2-2: Ball
3-2: Foul Ball, location: 2F
3-2: Strikes out swinging
Top of the 7th over - 0 runs, 0 hits, 0 errors, 1 left on base; Red Deer 5 - Moose Jaw 7
BOTTOM OF THE 7TH
Moose Jaw Ghostbusters batting - Pitching for Red Deer Wranglers : RHP Josh Ewing
Batting: LHB John Stone 0-0: SINGLE (Groundball, 4MD)
Batting: RHB Billy Mullins 0-0: Ball
1-0: Ball
2-0: SINGLE (Flyball, 9S)
John Stone to second
Runner from 2nd tries for 3rd, SAFE, throw made to third
Batting: RHB Yasuhiko Sumita 0-0: Ball
1-0: Ball
2-0: Ball
3-0: Base on Balls
Billy Mullins to second
Pinch Hitting: SHB Glenn Vadnais 0-0: Ball
1-0: Ball
2-0: Called Strike
2-1: SINGLE (Groundball, 34D)
John Stone scores
Billy Mullins to third
Yasuhiko Sumita to second
Runner from 3rd tries for Home, SAFE, throw made home
Batting: RHB Aaron Murray 0-0: Ball
1-0: Ball
2-0: Ball
3-0: Base on Balls
Yasuhiko Sumita to third
Glenn Vadnais to second
Batting: RHB Johnny MacNamara 0-0: Called Strike
0-1: Ball
1-1: Ball
2-1: SINGLE (Groundball, 6MD)
Yasuhiko Sumita scores
Glenn Vadnais to third
Aaron Murray to second
Batting: RHB Bob Cole 0-0: SINGLE (Line Drive, 34)
Glenn Vadnais scores
Aaron Murray to third
Johnny MacNamara to second
Batting: RHB Henry Barker 0-0: Called Strike
0-1: Ball
1-1: Ball
2-1: Ball
3-1: Foul Ball, location: 2F
3-2: Fly out, F8 (Flyball, 8RS)
Runner from 3rd tags up, SCORES, no throw
Batting: LHB Darren Holland 0-0: Swinging Strike
0-1: Ball
1-1: Foul Ball, location: 2F
1-2: Strikes out looking
Batting: LHB John Stone 0-0: Called Strike
0-1: Ball
1-1: Ball
2-1: SINGLE (Groundball, 34D)
Johnny MacNamara to third
Bob Cole to second
Runner from 3rd tries for Home, SAFE, throw made home
Batting: RHB Billy Mullins 0-0: Ball
1-0: Fly out, F9 (Flyball, 89M)
Bottom of the 7th over - 6 runs, 6 hits, 0 errors, 2 left on base; Red Deer 5 - Moose Jaw 13
TOP OF THE 8TH
Red Deer Wranglers batting - Pitching for Moose Jaw Ghostbusters : LHP Javier Galeas
Now in LF: Glenn Vadnais
Batting: LHB Francisco Blanco 0-0: Called Strike
0-1: Ball
1-1: Foul Ball, location: 2F
1-2: Fly out, F8 (Flyball, 8RD)
Batting: RHB Ismael Ortíz 0-0: Called Strike
0-1: Ball
1-1: Foul Ball, location: 2F
1-2: Ball
2-2: SINGLE (Flyball, 89S)
Batting: LHB Héctor Santos 0-0: Fly out, F7 (Flyball, 78M)
Batting: RHB Julián García 0-0: SINGLE (Flyball, 78S)
Ismael Ortíz to second
Batting: SHB Robbie Rhodes 0-0: Ball
1-0: Called Strike
1-1: Ball
2-1: SINGLE (Line Drive, 8RS)
Ismael Ortíz to third
Julián García to second
Runner from 3rd tries for Home, SAFE, no throw
Batting: LHB Edgar López 0-0: SINGLE (Groundball, 3S) (infield hit)
Julián García to third
Robbie Rhodes to second
Batting: RHB Xavier López 0-0: GRAND SLAM HOME RUN (Flyball, 7D), Distance : 367 ft
Pitching: RHP José Orozco
Batting: LHB Andrew Veeck 0-0: Ball
1-0: Ball
2-0: Ball
3-0: Called Strike
3-1: Swinging Strike
3-2: Foul Ball, location: 2F
3-2: Base on Balls
Batting: RHB Joe Lewis 0-0: Called Strike
0-1: Ball
1-1: Foul Ball, location: 2F
1-2: Foul Ball, location: 2F
1-2: Fly out, F7 (Line Drive, 7D)
Top of the 8th over - 5 runs, 5 hits, 0 errors, 1 left on base; Red Deer 10 - Moose Jaw 13
BOTTOM OF THE 8TH
Moose Jaw Ghostbusters batting - Pitching for Red Deer Wranglers : RHP Josh Ewing
Pitching: RHP Pat Ferson
Batting: RHB Yasuhiko Sumita 0-0: Foul Ball, location: 2F
0-1: Ball
1-1: Swinging Strike
1-2: Ball
2-2: Ball
3-2: Foul Ball, location: 2F
3-2: Base on Balls
Batting: SHB Glenn Vadnais 0-0: SINGLE (Line Drive, 9LS)
Yasuhiko Sumita to second
Batting: RHB Aaron Murray 0-0: Fly out, F8 (Line Drive, 89M)
Batting: RHB Johnny MacNamara 0-0: Fly out, F4 (Line Drive, 4)
Batting: RHB Bob Cole 0-0: Ball
1-0: Swinging Strike
1-1: SINGLE (Line Drive, 6MD)
Yasuhiko Sumita to third
Glenn Vadnais to second
Runner from 3rd tries for Home, throw and OUT!
Bottom of the 8th over - 0 runs, 2 hits, 0 errors, 2 left on base; Red Deer 10 - Moose Jaw 13
TOP OF THE 9TH
Red Deer Wranglers batting - Pitching for Moose Jaw Ghostbusters : RHP José Orozco
Batting: LHB Francisco Blanco 0-0: Ball
1-0: Foul Ball, location: 2F
1-1: Fly out, F5 (Line Drive, 5)
Batting: RHB Ismael Ortíz 0-0: Ball
1-0: Foul Ball, location: 2F
1-1: Fly out, F7 (Flyball, 7S)
Batting: LHB Héctor Santos 0-0: Foul Ball, location: 2F
0-1: Ground out 1-3 (Groundball, 13)
Top of the 9th over - 0 runs, 0 hits, 0 errors, 0 left on base; Red Deer 10 - Moose Jaw 13
Saturday, December 16th, 2017 - OOTP Baseball 18.8 Build 76